 Dungeon Crawl Stone Soup version 0.32-a0-12-g7fc57aa741 (webtiles) character file.

Game seed: 1767694850644575964

35 Zonian the Caller (level 3, -6/16 HPs)
             Began as a Felid Summoner on Jan 14, 2024.
             Mangled by a gnoll
             ... wielding a +0 halberd
              (10 damage)
             ... on level 2 of the Dungeon.
             The game lasted 00:03:41 (1626 turns).

Zonian the Caller (Felid Summoner)                  Turns: 1626, Time: 00:03:42

Health: -6/16      AC:  1    Str:  4    XL:     3   Next: 16%
Magic:  5/7        EV: 17    Int: 20    God:
Gold:   41         SH:  0    Dex: 16    Spells: 5/6 levels left
                                        Lives:  0   Deaths: 1

rFire   . . .        (weapon unavailable)
rCold   . . .        (shield unavailable)
rNeg    . . .        (body armour unavailable)
rPois   .            (helmet unavailable)
rElec   .            (cloak unavailable)
rCorr   .            (gloves unavailable)
SInv    +            (boots unavailable)
Will    .....        (no amulet)
Stlth   ++           (no ring)
HPRegen 0.22/turn    (no ring)
MPRegen 0.10/turn

%: no passive effects
@: no status effects
A: very small, claws 1, fangs 3, see invisible, shaggy fur 1, stealthy paws, no
weapons or thrown items, no armour, multi-lived
a: no special abilities


You were on level 2 of the Dungeon.
You visited 1 branch of the dungeon, and saw 2 of its levels.

You collected 41 gold pieces.


Innate Abilities, Weirdness & Mutations

You have sharp claws.
You have razor-sharp teeth.
You have supernaturally acute eyesight. (SInv)
You are covered in fur. (AC +1)
Your paws help you pounce on unaware monsters.
You are incapable of wielding weapons or throwing items.
You cannot wear armour.
You gain extra lives every three experience levels.


   Skills:
 - Level 2.6 Dodging
 - Level 2.6 Stealth
 - Level 2.0 Spellcasting
 + Level 5.1 Summonings


You had 5 spell levels left.
You knew the following spells:

 Your Spells              Type           Power      Damage    Failure   Level
a - Summon Small Mammal   Summ           88%        N/A       1%          1

Your spell library contained the following spells:

 Spells                   Type           Power      Damage    Failure   Level
 Call Imp                 Summ           44%        N/A       3%          2
 Call Canine Familiar     Summ           22%        N/A       6%          3
 Summon Blazeheart Golem  Fire/Summ      12%        N/A       50%         4
 Summon Lightning Spire   Summ/Air       12%        N/A       50%         4

Inventory:

Scrolls
 b - a scroll of poison {unknown}
 c - a scroll of immolation {unknown}
 e - 3 scrolls of identify {unknown}
Potions
 a - 3 potions of magic
 f - a potion of heal wounds {unknown}
 g - a potion of degeneration {unknown}
 h - a potion of might {unknown}

Dungeon Overview and Level Annotations

Branches:
Dungeon (2/15) Zot: 16373

Altars:

Annotations:
D:2 Robin

.#. +...........#
...###..........#
#..............#
#..............#≈
#..............+.. ♣
#..........##..+.. .♣
#..........#...#≈≈♣♣.
#######...........##≈≈..
#......@b...#.##.#.##≈..
#.....gS............##')
#....gg.....#...<#......
.....(..r...####.#...###
............# #.#..## #
.....######## #.#..####
..... #.##..... .....
#........ .##. #####....


You could see 3 gnolls, an adder (ally target), a friendly quokka (summoned) and
a friendly bat (summoned).


Message History

The goblin misses you.
Your rat barely misses the goblin. 😎 MP[-1]
You lost 1 mp, and now have 3/7 mp.
Unknown command.
The goblin closely misses your rat.
Your rat closely misses the goblin.
You swap places.
The goblin hits your rat with a +0 club.
Your rat closely misses the goblin.
Unknown command.
The goblin hits your rat with a +0 club.
Your rat dies!
Your rat's corpse disappears in a puff of smoke!
Your quokka closely misses the goblin.
Your quokka bites the goblin.
The goblin barely misses your quokka.
Unknown command.
Your quokka misses the goblin. The goblin closely misses your quokka.
Your quokka completely misses the goblin. 😎 MP[-1]
You lost 1 mp, and now have 2/7 mp.
Unknown command.
You swap places.
The goblin closely misses your quokka.
Your quokka bites the goblin.
The goblin dies! 😎 MP[+1] Unknown command.
Your quokka disappears in a puff of smoke!
Your quokka disappears in a puff of smoke!
A hobgoblin and a bat come into view. 😎 MP[+4]
Your mp is fully restored (7).
There are monsters nearby!
Unknown command.
Found a stone staircase leading up.
An adder comes into view.
e - 3 scrolls labelled ZAKAMPYNKU (gained 1) Unknown command.
A gnoll comes into view.
It is wielding a +0 halberd and quivering 2 throwing nets.
Unknown command.
The gnoll shouts!
A gnoll comes into view. It is wielding a +0 whip. 😎 MP[-1]
You lost 1 mp, and now have 6/7 mp.
The gnoll shouts!
The gnoll throws a throwing net.
The throwing net completely misses your bat.
The throwing net hits you.
You become entangled in the net! 😎 MP[-1]
You lost 1 mp, and now have 5/7 mp.
You struggle against the net.
Your bat completely misses the adder.
A gnoll comes into view. It is wielding a +0 spear.
Your rat misses the adder.
You struggle against the net.
Your bat hits the adder but does no damage.
The adder misses your bat.
Your rat barely misses the adder.
You shred the net and break free! The adder closely misses you.
Your rat closely misses the adder.
Your bat closely misses the adder.
You swap places.
Your bat hits the adder. The gnoll barely misses your rat.
The adder barely misses you.
Your rat bites the adder.
Your bat closely misses the gnoll.
The gnoll throws a throwing net.
The throwing net hits your rat.
Your rat is caught in the net!
The gnoll closely misses your bat.
Your bat completely misses the adder.
Your rat struggles against the net.
Unknown command.
Casting: Summon Small Mammal (safe; 1% risk of failure)
Confirm with . or Enter, or press ? or * to list all spells.
You don't know that spell.
Casting: Summon Small Mammal (safe; 1% risk of failure)
Confirm with . or Enter, or press ? or * to list all spells.
You don't know that spell.
Your rat disappears in a puff of smoke!
Your bat misses the adder. The adder misses you.
Your bat closely misses the adder.
The gnoll closely misses your bat. The adder misses you. 😎 MP[-1]
You lost 1 mp, and now have 4/7 mp.
Unknown command.
The gnoll barely misses you.
The gnoll hits you from afar with a +0 spear.
The adder barely misses your bat.
Your bat hits the adder but does no damage. 😮 HP[-5]
You take 5 damage, and now have 11/16 hp.
MASSIVE DAMAGE!! (PAUSE)
Your bat misses the adder. The gnoll attacks as it pursues you!
The gnoll hits you from afar with a +0 halberd!
* * * LOW HITPOINT WARNING * * *
The gnoll misses you.
Your quokka bites the adder.
Your bat barely misses the gnoll.
There is a stone staircase leading up here. 😱 HP[-7] MP[+1]
You take 7 damage, and now have 4/16 hp.
MASSIVE DAMAGE!! (PAUSE) Unknown command.
Your bat barely misses the adder.
The gnoll barely misses you.
The gnoll hits you from afar with a +0 halberd!
Ouch! That really hurt!
You die...

Skill      XL: |  1  2 |
---------------+-------+-----
Summonings     | 5 |  5.1
Dodging        | |  2.6
Stealth        | |  2.6
Spellcasting   | |  2.0

Action                     || total
---------------------------++-------
  Melee: Unarmed           ||     6
         Bite              ||     1
   Cast: Summon Small Mamm ||    51
    Use: Potion            ||     1
 Armour: Skin              ||    12
  Dodge: Dodged            ||    39

Levels and vault maps discovered:
D:1:      minmay_arrival_hallway, layout_basic, st_stairs_5
D:2:      layout_basic, basic_altar, kennysheep_generic_room_3, uniq_sigmund,
          uniq_robin

Notes
Turn   | Place    | Note
-------+----------+-------------------------------------------
     0 | D:1      | Zonian the Felid Summoner began the quest for the Orb.
     0 | D:1      | Reached XP level 1. HP: 9/9 MP: 4/4
     0 | D:1      | magus.rc [v1.9.6]
   251 | D:1      | Reached XP level 2. HP: 9/13 MP: 4/6
   849 | D:1      | Reached skill level 5 in Summonings
   991 | D:1      | Reached XP level 3. HP: 16/16 MP: 4/7
  1375 | D:2      | Noticed Robin
  1379 | D:1      | HP: 1/16 [goblin/+2 dagger of venom[Robin] (4)]
  1379 | D:1      | Slain by a goblin
  1379 | D:1      | Lost a life (0 lives remaining)
  1625 | D:2      | HP: 4/16 [gnoll/+0 halberd (7)]
  1626 | D:2      | Mangled by a gnoll

Vanquished Creatures
  An endoplasm (D:1)
  A frilled lizard (D:1)
2 creatures vanquished.

Vanquished Creatures (collateral kills)
  A dart slug (D:1)
  3 endoplasms (D:1)
  A giant cockroach (D:2)
  A hobgoblin (D:1)
  3 jackals (D:1)
  4 kobolds (D:1)
  A quokka (D:1)
  3 ball pythons (D:1)
  3 bats (D:1)
  A frilled lizard (D:1)
  6 goblins
27 creatures vanquished.

Grand Total: 29 creatures vanquished

Table legend:
 A = Non-vault XP
 B = Vault XP
 C = Vault XP percentage of total XP
 D = Non-vault monster count
 E = Vault monster count
 F = Vault count percentage of total count
                 A         B        C        D         E       F
            +---------+---------+-------+---------+---------+-------
      Total |      44 |       6 |  12.0 |      26 |       3 |  10.3
            +---------+---------+-------+---------+---------+-------
        D:1 |      42 |       4 |   8.7 |      25 |       2 |   7.4
        D:2 |       2 |       2 |  50.0 |       1 |       1 |  50.0
            +---------+---------+-------+---------+---------+-------

Skill      XL: |  1  2 |
---------------+-------+-----
Summonings     | 5 |  5.1
Dodging        | |  2.6
Stealth        | |  2.6
Spellcasting   | |  2.0

Action                     || total
---------------------------++-------
  Melee: Unarmed           ||     6
         Bite              ||     1
   Cast: Summon Small Mamm ||    51
    Use: Potion            ||     1
 Armour: Skin              ||    12
  Dodge: Dodged            ||    39

Illustrated notes

Table legend:
 A = Kills in this place as a percentage of kills in the entire game.
 B = Kills by you in this place as a percentage of kills by you in the entire game.
 C = Kills by friends in this place as a percentage of kills by friends in the entire game.
 D = Other kills in this place as a percentage of other kills in the entire game.
 E = Experience gained in this place as a percentage of experience gained in the entire game.
 F = Experience gained in this place divided by the number of levels of this place that you have seen.
                   A       B       C       D       E      F
               +-------+-------+-------+-------+-------+----------------------
         Total | 100.0 | 100.0 | 100.0 |   N/A | 100.0 |  25.0
       Dungeon | 100.0 | 100.0 | 100.0 |   N/A | 100.0 |  25.0
               +-------+-------+-------+-------+-------+----------------------

Table legend: (Time is in decaauts)
 A = Elapsed time spent in this place.
 B = Non-inter-level travel time spent in this place.
 C = Inter-level travel time spent in this place.
 D = Time resting spent in this place.
 E = Time spent auto-exploring this place.
 F = Levels seen in this place.
 G = Mean time per level.
                   A        B        C        D        E       F      G
               +--------+--------+--------+--------+--------+-----+--------+
         Total |   1626 |   1618 |      8 |    267 |   1009 |   2 |  813.0 |
       Dungeon |   1626 |   1618 |      8 |    267 |   1009 |   2 |  813.0 |
               +--------+--------+--------+--------+--------+-----+--------+

Top non-repeatable levels by time:
     D:1: 1384 daAuts
     D:2: 241 daAuts
